[Event "Titled Tuesday Blitz May 16 Late 2023"]
[White "Fishbein, Alexander"]
[Black "Moral Garcia, Serafin"]
[WhiteFideId "2000377"]
[BlackFideId "2201925"]
[WhiteElo "2415"]
[BlackElo "2274"]
[Result "1/2-1/2"]
[Round "08"]
[TimeControl "180+2"]
[Date "2023.05.16"]
[WhiteClock "0:00:06"]
[BlackClock "0:01:03"]

1. e4 e5 2. Nf3 Nf6 3. Nxe5 d6 4. Nf3 Nxe4 5. d3 Nf6 6. d4 d5 7. Bd3 Bd6 8. Qe2+ Qe7 9. Qxe7+ Kxe7 10. O-O Re8 11. Re1+ Kf8 12. Rxe8+ Kxe8 13. Nc3 c6 14. Bg5 Be7 15. Re1 Kf8 16. Bxh7 g6 17. Bh6+ Ke8 18. Ng5 Bf5 19. Bg7 Nxh7 20. Nxh7 Nd7 21. Nf6+ Kd8 22. Nxd7 Kxd7 23. Re2 f6 24. Bh6 g5 25. h4 Rg8 26. hxg5 fxg5 27. f4 gxf4 28. Bxf4 Rg4 29. g3 Bd6 30. Bxd6 Kxd6 31. Rf2 Rxg3+ 32. Kh2 Rg5 33. Nd1 Be4 34. Ne3 Rg7 35. c3 a5 36. a3 b6 37. Rf6+ Kc7 38. Kh3 Rg1 39. Ng4 Rb1 40. Rf2 c5 41. Ne5 cxd4 42. cxd4 Rd1 43. Rf7+ Kd6 44. Rd7+ Ke6 45. Rb7 Rxd4 46. Nc6 Bf5+ 47. Kg3 Rd3+ 48. Kf4 Be4 49. Rxb6 Rf3+ 50. Kg4 Kd7 51. Nxa5 Rf2 52. Nb3 Kc7 53. Rb4 Rxb2 54. Nc5 Rxb4 55. axb4 Kc6 56. Kf4 Kb5 57. Nxe4 dxe4 58. Kxe4 Kxb4 1/2-1/2


[Site "https://www.chess.com"]

[Event "Titled Tuesday Blitz May 16 Late 2023"]
[White "Bartel, Mateusz"]
[Black "Safin, Robert"]
[WhiteFideId "1112635"]
[BlackFideId "34189120"]
[WhiteElo "2521"]
[BlackElo "2295"]
[Result "1-0"]
[Round "08"]
[TimeControl "180+2"]
[Date "2023.05.16"]
[WhiteClock "0:00:24"]
[BlackClock "0:00:00"]

1. f4 c6 2. Nf3 h5 3. e4 d5 4. d3 Bg4 5. h3 Bxf3 6. Qxf3 e6 7. Nc3 Bb4 8. a3 Qa5 9. Bd2 d4 10. axb4 Qxa1+ 11. Nd1 Qa4 12. c3 c5 13. bxc5 Nc6 14. Be2 O-O-O 15. O-O Nge7 16. Qf2 f5 17. Bf3 Qb5 18. c4 Qxc5 19. Qe1 a5 20. Nf2 g6 21. Qe2 Rd6 22. Ra1 b6 23. Qe1 Kc7 24. Ra4 Rb8 25. b4 Nxb4 26. Rxb4 axb4 27. Bxb4 Ra8 28. Bxc5 bxc5 29. e5 1-0


[Site "https://www.chess.com"]

[Event "Titled Tuesday Blitz May 16 Late 2023"]
[White "Manukyan, Sargis A."]
[Black "QuiesPrecatio"]
[WhiteFideId "13303970"]
[WhiteElo "2187"]
[BlackElo "2412"]
[Result "0-1"]
[Round "08"]
[TimeControl "180+2"]
[Date "2023.05.16"]
[WhiteClock "0:00:55"]
[BlackClock "0:00:55"]

1. d4 Nf6 2. c4 g6 3. Nc3 d5 4. Nf3 Bg7 5. cxd5 Nxd5 6. e4 Nxc3 7. bxc3 c5 8. Rb1 O-O 9. Be2 Nc6 10. d5 Ne5 11. Nxe5 Bxe5 12. c4 e6 13. O-O exd5 14. cxd5 Re8 15. f3 Bd4+ 16. Kh1 b6 17. Bb2 Bxb2 18. Rxb2 Qd6 19. Rd2 Bd7 20. Bd3 Rac8 21. f4 c4 22. e5 Qc5 23. Be4 c3 24. Rd3 Bb5 25. d6 Bxd3 26. Bxd3 c2 27. Bxc2 Qxc2 28. d7 Qxd1 29. dxe8=Q+ Rxe8 30. Rxd1 Rc8 31. g3 Rc2 32. a4 Rc4 33. a5 bxa5 34. Rd7 Rc2 35. Rxa7 Ra2 36. Kg1 h5 37. Rb7 a4 38. Ra7 a3 39. Rb7 Rb2 40. Ra7 a2 41. e6 fxe6 42. Ra8+ Kg7 43. Ra7+ Kh6 44. g4 hxg4 45. Kf1 Rb1+ 46. Kg2 a1=Q 47. Rxa1 Rxa1 48. Kg3 Kh5 49. f5 gxf5 50. h3 Ra3+ 51. Kh2 g3+ 52. Kg2 Kh4 0-1


[Site "https://www.chess.com"]

[Event "Titled Tuesday Blitz May 16 Late 2023"]
[White "Abduzhaparov"]
[Black "Novik, Maxim"]
[BlackFideId "4102924"]
[WhiteElo "2411"]
[BlackElo "2287"]
[Result "1-0"]
[Round "08"]
[TimeControl "180+2"]
[Date "2023.05.16"]
[WhiteClock "0:00:44"]
[BlackClock "0:00:30"]

1. Nf3 c5 2. c4 Nf6 3. Nc3 e6 4. g3 b6 5. Bg2 Bb7 6. O-O Be7 7. d4 cxd4 8. Qxd4 d6 9. Rd1 a6 10. Bg5 Nbd7 11. Rac1 O-O 12. Qd2 Qc7 13. Bf4 e5 14. Bg5 Qxc4 15. Nxe5 dxe5 16. Bxb7 Qg4 17. Bxa8 Rxa8 18. Nd5 Bc5 19. Bxf6 Nxf6 20. Nxf6+ gxf6 21. Qd5 Re8 22. Qd7 Re6 23. b4 Qxb4 24. Qc8+ Kg7 25. Rd8 Qe4 26. Rxc5 bxc5 27. Rg8+ Kh6 28. Qf8+ Kh5 29. Qxf7+ Kh6 30. Qg7+ Kh5 31. g4+ Kh4 32. Qh6# 1-0


[Site "https://www.chess.com"]

[Event "Titled Tuesday Blitz May 16 Late 2023"]
[White "Prieto Aranguren, Alain"]
[Black "Piesik, Piotr"]
[WhiteFideId "2268906"]
[BlackFideId "1136194"]
[WhiteElo "2209"]
[BlackElo "2299"]
[Result "0-1"]
[Round "08"]
[TimeControl "180+2"]
[Date "2023.05.16"]
[WhiteClock "0:01:06"]
[BlackClock "0:01:49"]

1. e4 g6 2. h4 h5 3. Nh3 c6 4. Ng5 d5 5. e5 Bg7 6. d4 Nh6 7. c3 f6 8. exf6 exf6 9. Nf3 Bg4 10. Be2 O-O 11. O-O Nf5 12. g3 Re8 13. Re1 Nd7 14. Bf4 Nf8 15. Nh2 Bxe2 16. Rxe2 Ne6 17. Bd2 Qd6 18. Na3 Qd7 19. Nc2 Nd6 20. Qf1 Nc4 21. Bc1 Bf8 22. Ne3 Nd6 23. Ng2 Kf7 24. Nf4 Nxf4 25. Bxf4 Rxe2 26. Qxe2 Re8 27. Qf1 Nc4 28. b3 Na3 29. Re1 Nb5 30. Rxe8 Qxe8 31. Bd2 Qe4 32. Qe1 Qc2 33. a4 Nd6 34. g4 Ne4 35. Bf4 Qxc3 36. Qxc3 Nxc3 37. gxh5 Ne2+ 0-1


[Site "https://www.chess.com"]

[Event "Titled Tuesday Blitz May 16 Late 2023"]
[White "chess123456s"]
[Black "Ansh M Shah"]
[BlackFideId "25033379"]
[WhiteElo "2612"]
[BlackElo "2084"]
[Result "0-1"]
[Round "08"]
[TimeControl "180+2"]
[Date "2023.05.16"]
[WhiteClock "0:00:11"]
[BlackClock "0:01:06"]

1. e4 c6 2. d4 d5 3. exd5 cxd5 4. Bd3 Nc6 5. c3 Nf6 6. Bf4 Bg4 7. Qb3 Qd7 8. Nd2 e6 9. Ngf3 Bd6 10. Bxd6 Qxd6 11. O-O O-O 12. Rae1 Ne7 13. Ne5 Bf5 14. Bxf5 Nxf5 15. g4 Ne7 16. f4 b5 17. Qc2 b4 18. Re3 bxc3 19. bxc3 h5 20. Rh3 g6 21. g5 Nd7 22. Ndf3 Nf5 23. Nxd7 Qxd7 24. Ne5 Qc7 25. Qe2 Kg7 26. Qd3 Rab8 27. Rhf3 Rb2 28. R3f2 Rfb8 29. Rxb2 Rxb2 30. a4 Qa5 31. c4 dxc4 32. Qxc4 Rb4 33. Qc8 Qd5 34. Rc1 Qxd4+ 35. Kh1 Qd5+ 36. Kg1 Rb2 37. Rc2 Qd1+ 38. Kf2 Rxc2+ 0-1


[Site "https://www.chess.com"]

[Event "Titled Tuesday Blitz May 16 Late 2023"]
[White "Eugene, Floryan"]
[Black "Rodriguez Santiago, Jaime"]
[WhiteFideId "20694784"]
[BlackFideId "3100898"]
[WhiteElo "2369"]
[BlackElo "2025"]
[Result "0-1"]
[Round "08"]
[TimeControl "180+2"]
[Date "2023.05.16"]
[WhiteClock "0:00:09"]
[BlackClock "0:00:14"]

1. e4 c6 2. d4 d5 3. Nd2 dxe4 4. Nxe4 Nf6 5. Nxf6+ exf6 6. c3 Bd6 7. Bd3 O-O 8. Ne2 Re8 9. Be3 Nd7 10. Ng3 g6 11. Qf3 Bf8 12. O-O-O f5 13. h4 Bg7 14. h5 Nf8 15. hxg6 fxg6 16. Kb1 Be6 17. Bh6 Qd7 18. Ne2 Qf7 19. a3 Bd5 20. Qg3 Ba2+ 21. Ka1 Bb3 22. Bxg7 Qxg7 23. Rde1 Ne6 24. Nf4 Nxf4 25. Qxf4 Qf7 26. g4 Bd5 27. gxf5 Bxh1 28. Rxh1 Re7 29. Qg5 Rae8 30. c4 b5 31. fxg6 Re1+ 32. Rxe1 Rxe1+ 33. Ka2 hxg6 34. Qd8+ Kg7 35. d5 cxd5 36. Qa5 dxc4 37. Qxe1 cxd3+ 38. Kb1 Qf5 39. Qe7+ Kh6 40. Qe3+ g5 41. Kc1 a6 42. Kd2 Qf4 43. Kxd3 Qf5+ 44. Kc3 Qf6+ 45. Kb3 Qf7+ 46. Kc2 Qc4+ 47. Kb1 Qf1+ 48. Kc2 Qc4+ 49. Kd2 Qd5+ 50. Ke1 Qc4 51. Qh3+ Kg6 52. Qe3 Kh6 53. f3 Kg6 54. Kf2 Qc2+ 55. Kg3 Qxb2 56. Kg4 Qf6 57. Qe4+ Kg7 58. Qb7+ Kh6 59. Qe4 Kg7 60. Qb7+ Kh6 61. Qc8 a5 62. Qc6 Qxc6 63. Kh3 Qe6+ 64. Kh2 Qb3 65. a4 Qa3 66. axb5 Qb2+ 67. Kh3 Qxb5 68. f4 a4 69. fxg5+ Kxg5 70. Kg3 a3 71. Kf3 a2 72. Ke3 a1=Q 73. Kd2 Qa2+ 74. Kc3 Qbb3+ 75. Kd4 Qaa4+ 0-1


[Site "https://www.chess.com"]

[Event "Titled Tuesday Blitz May 16 Late 2023"]
[White "Wieczorek, Zbigniew"]
[Black "Boor, Carl"]
[WhiteFideId "1102001"]
[BlackFideId "2017008"]
[WhiteElo "2315"]
[BlackElo "2330"]
[Result "1-0"]
[Round "08"]
[TimeControl "180+2"]
[Date "2023.05.16"]
[WhiteClock "0:00:10"]
[BlackClock "0:00:00"]

1. Nf3 g6 2. d4 Bg7 3. c4 Nf6 4. Nc3 O-O 5. e4 d6 6. Be2 Na6 7. O-O e5 8. Be3 Ng4 9. Bg5 f6 10. Bh4 Qe8 11. dxe5 dxe5 12. Nd2 Nh6 13. f3 Nc5 14. Bf2 Ne6 15. Nb3 c6 16. c5 Qe7 17. Bc4 Nf7 18. Qe2 Bd7 19. Rfd1 Rfd8 20. Na5 Be8 21. Nxb7 Rxd1+ 22. Qxd1 Nd4 23. Nd6 Kh8 24. Nxe8 Rxe8 25. Bxf7 Qxf7 26. Bxd4 Rd8 27. Ne2 exd4 28. Nf4 f5 29. Nd3 fxe4 30. fxe4 Qe6 31. Qe2 Re8 32. b3 Bh6 33. e5 Qd5 34. Rf1 a5 35. Qf3 Qd7 36. Qe4 Bg7 37. Kh1 Re7 38. Re1 Re8 39. h3 Re7 40. Re2 Re8 41. e6 Qc7 42. g4 Bf6 43. Kg2 Kg7 44. Nf4 Re7 45. Kf3 1-0


[Site "https://www.chess.com"]

[Event "Titled Tuesday Blitz May 16 Late 2023"]
[White "Domingo Nunez, Alejandro"]
[Black "Rodriguez Polo, Mateo"]
[WhiteFideId "22245561"]
[BlackFideId "24509396"]
[WhiteElo "2291"]
[BlackElo "2117"]
[Result "0-1"]
[Round "08"]
[TimeControl "180+2"]
[Date "2023.05.16"]
[WhiteClock "0:00:00"]
[BlackClock "0:00:12"]

1. Nf3 d5 2. g3 e6 3. Bg2 Nf6 4. O-O Be7 5. c4 O-O 6. b3 b6 7. Bb2 c5 8. cxd5 Nxd5 9. d4 Bb7 10. dxc5 Bxc5 11. Nbd2 Nd7 12. a3 N5f6 13. b4 Be7 14. Rc1 Rc8 15. Qa4 Rxc1 16. Rxc1 Qa8 17. Rc7 Rd8 18. Bxf6 Nxf6 19. Rxe7 Rc8 20. Nh4 Bxg2 21. Nxg2 a6 22. b5 Kf8 23. Qb4 Rc1+ 24. Nf1 Rc5 25. Rc7 Nd5 26. Rxc5 Nxb4 27. Rc4 Nd5 28. bxa6 Qxa6 29. Rc6 Qxe2 30. Nge3 Nxe3 31. Nxe3 Qb2 32. Nc4 Qc1+ 33. Kg2 b5 0-1


[Site "https://www.chess.com"]

[Event "Titled Tuesday Blitz May 16 Late 2023"]
[White "Bashkansky, Ethan"]
[Black "Melikyan, Gnel"]
[WhiteFideId "2071533"]
[BlackFideId "54109990"]
[WhiteElo "2327"]
[BlackElo "2138"]
[Result "0-1"]
[Round "08"]
[TimeControl "180+2"]
[Date "2023.05.16"]
[WhiteClock "0:00:02"]
[BlackClock "0:01:05"]

1. d4 f5 2. Nc3 Nf6 3. Bg5 e6 4. e4 fxe4 5. Nxe4 Be7 6. Bxf6 Bxf6 7. Nf3 O-O 8. Bd3 Nc6 9. Nxf6+ Qxf6 10. O-O d6 11. Bb5 Bd7 12. c3 Rae8 13. Re1 a6 14. Bxc6 Bxc6 15. Re3 g5 16. Qe2 h6 17. Re1 Qf5 18. Rxe6 g4 19. Nh4 Qh5 20. g3 Qg5 21. Rg6+ Kh7 22. Rxg5 Rxe2 23. Rxe2 hxg5 24. Ng2 Rf7 25. Ne3 Bf3 26. Re1 Kg6 27. Nc2 Kf6 28. a3 Rh7 29. Re3 Rh8 30. Ne1 Bd5 31. Nd3 b5 32. Nb4 Bb7 33. Nd3 a5 34. Ne1 Bd5 35. f3 gxf3 36. Nxf3 b4 37. cxb4 axb4 38. axb4 Rb8 39. Ne1 Rxb4 40. Nd3 Rxd4 41. Kf2 c5 42. Ke2 Bc4 43. Rf3+ Kg6 44. Re3 Bb5 45. Kd2 c4 46. Kc3 Rxd3+ 47. Rxd3 cxd3 48. Kd2 d5 49. h3 d4 50. Ke1 Kf5 51. Kd2 Ke4 52. Ke1 Bd7 53. h4 Ke3 54. hxg5 d2+ 55. Kf1 Kf3 56. Kg1 Kxg3 57. Kf1 Bb5+ 58. Kg1 d1=Q# 0-1


[Site "https://www.chess.com"]

[Event "Titled Tuesday Blitz May 16 Late 2023"]
[White "AyMitecK"]
[Black "Djordjevic, Dejan N"]
[BlackFideId "913316"]
[WhiteElo "2564"]
[BlackElo "2261"]
[Result "1-0"]
[Round "08"]
[TimeControl "180+2"]
[Date "2023.05.16"]
[WhiteClock "0:00:20"]
[BlackClock "0:00:00"]

1. e4 c5 2. Nf3 Nc6 3. Bb5 g6 4. O-O Bg7 5. Re1 Nf6 6. e5 Nd5 7. Nc3 Nc7 8. Bxc6 dxc6 9. Ne4 b6 10. Nf6+ Kf8 11. Ne4 h6 12. d3 Be6 13. Ned2 Kg8 14. a4 a5 15. b3 Kh7 16. Nc4 Rb8 17. Bb2 Qd7 18. h3 Rhd8 19. Re4 Nd5 20. Qd2 Kg8 21. Rae1 Nb4 22. Bc1 b5 23. Nxa5 Ra8 24. Rxb4 cxb4 25. Qxb4 bxa4 26. bxa4 c5 27. Qxc5 Qxa4 28. Nc6 Rd7 29. Bb2 Kh7 30. Ra1 Qxa1+ 31. Bxa1 Rxa1+ 32. Kh2 Bd5 33. Nxe7 Bb7 34. Nc6 Rc7 35. Qb6 Rd7 36. d4 Ra6 37. Qb5 Rxc6 38. c4 Rcc7 39. d5 Ba6 40. Qxa6 Ra7 41. Qb6 Rab7 42. Qd4 Rb4 43. Qc5 Rbb7 44. d6 Ra7 45. Qd5 Ra2 46. c5 Rxf2 47. c6 Rd8 48. c7 Rc8 49. d7 Rxc7 50. d8=Q Rcc2 51. Ne1 Rce2 52. Q5a8 Bxe5+ 53. Kg1 h5 54. Qg8+ Kh6 55. Qgf8+ Kg5 56. h4+ 1-0


[Site "https://www.chess.com"]

[Event "Titled Tuesday Blitz May 16 Late 2023"]
[White "Stork, Oliver"]
[Black "Papasimakopoulos, Alexandros"]
[WhiteFideId "12955728"]
[BlackFideId "4244125"]
[WhiteElo "2239"]
[BlackElo "2359"]
[Result "0-1"]
[Round "08"]
[TimeControl "180+2"]
[Date "2023.05.16"]
[WhiteClock "0:01:42"]
[BlackClock "0:01:06"]

1. e4 c5 2. Nc3 Nc6 3. g3 g6 4. Bg2 Bg7 5. d3 d6 6. Be3 Nd4 7. Qd2 h5 8. Nd1 h4 9. c3 h3 10. Bf1 Nc6 11. f4 Nf6 12. Nf3 Ng4 13. Be2 Nxe3 14. Nxe3 b5 15. O-O Rb8 16. d4 cxd4 17. cxd4 Qb6 18. Rfd1 e6 19. Rac1 Na5 20. Kh1 O-O 21. Ng5 Bb7 22. Bf3 Nc4 23. Nxc4 bxc4 24. Rxc4 d5 25. exd5 Bxd5 26. Bxd5 exd5 27. Rc2 Qa6 28. b3 Rfe8 29. Nxh3 Re4 30. Qf2 Rbe8 31. Ng5 Re2 32. Rxe2 Rxe2 33. Qf3 Qxa2 34. Rf1 Rxh2+ 0-1


[Site "https://www.chess.com"]

[Event "Titled Tuesday Blitz May 16 Late 2023"]
[White "Liu, Casper"]
[Black "Harshavardhan G B"]
[WhiteFideId "1454153"]
[BlackFideId "25059009"]
[WhiteElo "2221"]
[BlackElo "2323"]
[Result "1/2-1/2"]
[Round "08"]
[TimeControl "180+2"]
[Date "2023.05.16"]
[WhiteClock "0:00:30"]
[BlackClock "0:00:20"]

1. e4 e5 2. Nf3 Nc6 3. d4 exd4 4. Nxd4 Qf6 5. c3 Bc5 6. Be3 Nge7 7. g3 Bb6 8. Bg2 d6 9. O-O O-O 10. Na3 Ne5 11. f3 c5 12. Ndc2 Rd8 13. Qe2 d5 14. exd5 Nxd5 15. Bf2 Bf5 16. Rad1 Nc7 17. Rxd8+ Rxd8 18. Re1 Nd3 19. Rd1 Nxf2 20. Rxd8+ Qxd8 21. Kxf2 Bd3 22. Qe5 c4+ 23. Ke1 Ne6 24. f4 g6 25. Ne3 Bc7 26. Qd5 Qe7 27. Kd2 Nxf4 28. gxf4 Bxf4 29. Qf3 Qg5 30. Bh1 Bxh2 31. Nc2 Bf4 32. Ne1 Bb1 33. a3 b5 34. Ng2 Bh2 35. Ne1 Kg7 36. Ke2 Bf4 37. Nd5 Qe5+ 38. Kf2 Bc1 39. Qg4 Bxb2 40. Qf4 Qxf4+ 41. Nxf4 Bxc3 42. Nf3 Be4 43. Bg2 Bb2 44. Ke3 Bb7 45. Bf1 Bxf3 46. Kxf3 Bxa3 47. Ke4 h5 48. Nd5 Bd6 49. Nc3 a6 50. Kd5 Bf4 51. Ne4 h4 52. Kc5 g5 53. Kb6 g4 54. Kxa6 b4 55. Bxc4 h3 56. Nf2 h2 57. Bd5 g3 58. Nd3 Be3 59. Kb5 b3 60. Kc4 Kg6 61. Kxb3 Kg5 62. Kc2 Kg4 63. Bg2 f5 64. Kd1 f4 65. Ke2 Bd4 66. Nb4 Kf5 67. Nc6 Bc5 68. Kf3 Be3 69. Bh1 Ke6 70. Nb4 Ke5 71. Nc2 Bc1 72. Ne1 Kd4 73. Ng2 Bd2 74. Nxf4 Be1 75. Ne2+ Kd3 76. Nxg3 Ba5 77. Nf1 Bc7 78. Kg2 Ke2 79. Nxh2 Bd6 80. Ng4 Bc7 81. Kh3 Kd3 82. Bd5 Kd4 83. Be6 Ke4 84. Kh4 Kf4 85. Kh5 Bd8 86. Kg6 Bg5 87. Kf7 Bh4 88. Ke8 Bg5 89. Kd7 Bh4 90. Kc6 Bg5 91. Kd5 Bh4 92. Nh6 Bg5 93. Nf5 Bf6 94. Nd4 Bd8 95. Ne2+ Ke3 96. Bg4 Bh4 97. Nc3 Bd8 98. Nd1+ Kf4 99. Be2 Kg3 100. Ke4 Be7 101. Ne3 Bd8 102. Nf5+ Kf2 103. Bg4 Bb6 104. Bh5 Bd8 105. Ng7 Bb6 106. Ne6 Ba5 107. Ng5 Bb6 108. Kf4 Bc7+ 109. Kg4 Bb6 110. Kf4 Bc7+ 111. Ke4 Bb6 112. Ne6 Ba5 113. Kf4 Bb6 114. Kg4 Ke3 115. Kf5 Kf2 116. Be8 Ba5 117. Bc6 Bb6 118. Ke4 Ba5 119. Ng5 Bc7 120. Ne6 Bb6 121. Ng5 Ba5 122. Kf4 Bb6 123. Ne4+ Ke2 124. Bb5+ Kd1 125. Bd3 Kc1 126. Nd6 Bc7 127. Ke5 Kb2 128. Kd5 Bd8 129. Nc4+ 1/2-1/2


[Site "https://www.chess.com"]

[Event "Titled Tuesday Blitz May 16 Late 2023"]
[White "Wizard_of_Odds"]
[Black "De La Colina, Nicolas"]
[BlackFideId "30946921"]
[WhiteElo "2456"]
[BlackElo "2046"]
[Result "0-1"]
[Round "08"]
[TimeControl "180+2"]
[Date "2023.05.16"]
[WhiteClock "0:00:00"]
[BlackClock "0:01:10"]

1. Nf3 g6 2. h4 Bg7 3. h5 d6 4. d4 Bg4 5. h6 Bf8 6. e4 e6 7. Be2 Nf6 8. Nc3 Be7 9. Be3 O-O 10. Qd2 a6 11. a4 Nc6 12. Rd1 d5 13. e5 Nd7 14. Nh2 Bxe2 15. Nxe2 Na7 16. Ng4 c5 17. c3 Rc8 18. Rh3 Nc6 19. Rf3 Na5 20. dxc5 Nc4 21. Qc2 Ndxe5 22. Nxe5 Nxe5 23. Rg3 Bxc5 24. Bg5 Be7 25. f4 Nc6 26. Qd3 Re8 27. Kf1 Bf6 28. Rg4 Na5 29. Nd4 Nc4 30. Qe2 Nd6 31. Nf3 Nf5 32. Ne5 Bxg5 33. fxg5 Qb6 0-1


[Site "https://www.chess.com"]

[Event "Titled Tuesday Blitz May 16 Late 2023"]
[White "MKlose11"]
[Black "Papayan, Oleg"]
[BlackFideId "4193911"]
[WhiteElo "2654"]
[BlackElo "2171"]
[Result "1-0"]
[Round "08"]
[TimeControl "180+2"]
[Date "2023.05.16"]
[WhiteClock "0:00:22"]
[BlackClock "0:00:00"]

1. e4 e5 2. Nf3 Nc6 3. d4 exd4 4. Bc4 Nf6 5. O-O Nxe4 6. Re1 d5 7. Bxd5 Qxd5 8. Nc3 Qa5 9. Nxe4 Be6 10. Neg5 O-O-O 11. Nxe6 fxe6 12. Rxe6 Be7 13. Qe2 Bf6 14. Bd2 Qc5 15. Qe4 Qd5 16. Qxd5 Rxd5 17. Kf1 Rb5 18. b3 Rc5 19. Rc1 Rd8 20. Ne1 Ne5 21. Nd3 Nxd3 22. cxd3 Rxc1+ 23. Bxc1 Rd5 24. Bf4 Rc5 25. Re1 g5 26. Rc1 Rc3 27. Rxc3 dxc3 28. Be3 b5 29. Ke2 a5 30. a4 bxa4 31. bxa4 Kd7 32. f4 g4 33. f5 Kc6 34. Bf4 Kc5 35. Kd1 Kb4 36. Kc2 c5 37. Bd6 Kxa4 38. Bxc5 Kb5 39. Bd6 Kc6 40. Ba3 a4 41. Bb4 Kd5 42. h3 gxh3 43. gxh3 Ke5 44. Bxc3+ Kxf5 45. Kb2 a3+ 46. Kb3 h5 47. Bxf6 Kxf6 48. Kxa3 Ke5 49. Kb3 Kd4 50. Kc2 h4 51. Kd2 Kd5 52. Ke2 Kd4 53. Kd2 Kd5 54. Ke3 Ke5 55. Kf3 Kd4 56. Kg4 Kxd3 57. Kxh4 Ke4 58. Kg5 Ke5 59. h4 Ke6 60. Kg6 Ke7 61. Kg7 1-0


[Site "https://www.chess.com"]

[Event "Titled Tuesday Blitz May 16 Late 2023"]
[White "marik_spb"]
[Black "Arabidze, Meri"]
[BlackFideId "13604040"]
[WhiteElo "2449"]
[BlackElo "2405"]
[Result "0-1"]
[Round "08"]
[TimeControl "180+2"]
[Date "2023.05.16"]
[WhiteClock "0:00:00"]
[BlackClock "0:00:12"]

1. d4 f5 2. c4 Nf6 3. Nf3 e6 4. Nc3 b6 5. Bg5 Bb7 6. e3 Bb4 7. d5 O-O 8. dxe6 dxe6 9. Qxd8 Rxd8 10. Rc1 Na6 11. Be2 Nc5 12. Bxf6 gxf6 13. a3 Nb3 14. Rd1 Bxc3+ 15. bxc3 c5 16. O-O Kf7 17. Rfe1 Ke7 18. h3 Ba6 19. Bd3 Na5 20. e4 f4 21. e5 f5 22. Ng5 h6 23. Nh7 Bxc4 24. Bb1 Bb3 25. Rxd8 Rxd8 26. Nf6 Nc4 27. Nh5 f3 28. gxf3 Nxa3 29. Nf4 a5 30. Bd3 a4 31. Kh2 c4 32. Be2 Nb5 33. Rg1 Kf7 34. Rg6 Nxc3 35. Rf6+ Ke7 36. Rxe6+ Kd7 37. Bf1 a3 38. Rxb6 a2 39. Ra6 Na4 40. Bxc4 a1=Q 41. Bxb3 Qf1 42. Bxa4+ Kc7 43. Ne6+ Kb7 44. Nc5+ Kc7 45. Ne6+ Kb8 46. Rb6+ Ka7 47. Rb2 Rg8 0-1


[Site "https://www.chess.com"]

[Event "Titled Tuesday Blitz May 16 Late 2023"]
[White "liwadas82"]
[Black "Korchmar, Vasiliy"]
[BlackFideId "24131750"]
[WhiteElo "2443"]
[BlackElo "2370"]
[Result "1/2-1/2"]
[Round "08"]
[TimeControl "180+2"]
[Date "2023.05.16"]
[WhiteClock "0:00:13"]
[BlackClock "0:00:07"]

1. e4 c5 2. Nf3 d6 3. d4 cxd4 4. Nxd4 Nf6 5. Nc3 Nc6 6. Be3 Ng4 7. Bb5 Nxe3 8. fxe3 Bd7 9. Bxc6 bxc6 10. O-O e6 11. Qf3 Qf6 12. Qh5 Qg6 13. Qa5 Be7 14. Qc7 Rc8 15. Qxa7 c5 16. Nb3 Bg5 17. a4 Bxe3+ 18. Kh1 Bc6 19. Rae1 Bd4 20. Nxd4 cxd4 21. Nd5 Bxd5 22. exd5 O-O 23. dxe6 fxe6 24. Rxf8+ Rxf8 25. Qxd4 Qxc2 26. Qxd6 Qe4 27. Qd1 Qb7 28. Qe2 Kh8 29. h3 h6 30. Qxe6 Qxb2 31. a5 Qa3 32. Qe5 Ra8 33. Rf1 Rxa5 34. Qe8+ Kh7 35. Qe4+ Kh8 36. Qe8+ Kh7 37. Qe4+ Kh8 38. Qe8+ 1/2-1/2


[Site "https://www.chess.com"]

[Event "Titled Tuesday Blitz May 16 Late 2023"]
[White "Sargsyan, Anna M."]
[Black "Pires, Marcos Vinicius Torsani"]
[WhiteFideId "13308130"]
[BlackFideId "2118939"]
[WhiteElo "2284"]
[BlackElo "2273"]
[Result "1-0"]
[Round "08"]
[TimeControl "180+2"]
[Date "2023.05.16"]
[WhiteClock "0:00:02"]
[BlackClock "0:00:00"]

1. d4 Nf6 2. c4 g6 3. g3 Bg7 4. Bg2 O-O 5. Nc3 d6 6. Nf3 Nc6 7. O-O e5 8. d5 Nb8 9. e4 a5 10. Ne1 Na6 11. Nd3 Nd7 12. Be3 Ndc5 13. Nxc5 Nxc5 14. Qd2 f5 15. Bh6 f4 16. Bxg7 Kxg7 17. f3 Bd7 18. Ne2 g5 19. Kh1 Qf6 20. Rg1 Kh8 21. Raf1 Rg8 22. b3 b6 23. Rf2 Raf8 24. Bf1 Qh6 25. gxf4 gxf4 26. Rxg8+ Rxg8 27. Rg2 Qh5 28. Ng1 Rg5 29. Rxg5 Qxg5 30. Qg2 Qxg2+ 31. Kxg2 Kg7 32. Kf2 Kf6 33. Ke2 Kg5 34. Kd2 Kh4 35. Kc3 Be8 36. a3 Bh5 37. b4 axb4+ 38. axb4 Nb7 39. Kb3 Nd8 40. Bg2 Nf7 41. Ka4 Kg5 42. Kb5 Nd8 43. Ka6 Kf6 44. Ne2 Ke7 45. Nc3 Be8 46. Ka7 Nf7 47. h4 Bd7 48. Bf1 h5 49. b5 Nh8 50. Na2 Ng6 51. Nb4 Nxh4 52. Be2 Ng2 53. Kb8 Kd8 54. Na6 h4 55. Nxc7 h3 56. Bf1 1-0


[Site "https://www.chess.com"]

[Event "Titled Tuesday Blitz May 16 Late 2023"]
[White "Kovalevsky, Stanislav"]
[Black "Rosen, Eric"]
[WhiteFideId "13508598"]
[BlackFideId "2032562"]
[WhiteElo "2174"]
[BlackElo "2331"]
[Result "0-1"]
[Round "08"]
[TimeControl "180+2"]
[Date "2023.05.16"]
[WhiteClock "0:00:00"]
[BlackClock "0:00:08"]

1. c4 e6 2. e4 d5 3. exd5 exd5 4. cxd5 Nf6 5. Nc3 Nxd5 6. Bc4 Nxc3 7. bxc3 Bd6 8. Qe2+ Qe7 9. Qxe7+ Bxe7 10. Nf3 O-O 11. d4 Bf5 12. Bf4 c6 13. O-O Nd7 14. Rfe1 Ba3 15. Re2 h6 16. h3 Rfe8 17. Rae1 Rxe2 18. Rxe2 Kf8 19. Ne5 Nxe5 20. Bxe5 f6 21. Bf4 b5 22. Bb3 a5 23. g4 Bd7 24. Bc7 a4 25. Bc2 Re8 26. Kf1 h5 27. Rxe8+ Kxe8 28. Bg6+ Kf8 29. Bf5 Bxf5 30. gxf5 Kf7 31. Ke2 g6 32. fxg6+ Kxg6 33. Kd3 Kf5 34. c4 Ke6 35. d5+ Kd7 36. Ba5 b4 37. Kd4 b3 38. axb3 axb3 39. Kc3 b2 40. Kc2 cxd5 41. cxd5 Kd6 42. Bc3 f5 43. Bxb2 Bxb2 44. Kxb2 Kxd5 45. Kc3 Ke4 46. Kd2 Kf3 47. Ke1 Kg2 48. h4 Kh3 49. Ke2 Kxh4 50. Kf3 Kg5 51. Kg3 h4+ 52. Kf3 Kh5 53. Kf4 Kg6 54. Ke3 Kf6 55. Kf4 Ke6 56. Kf3 Ke5 57. Ke3 f4+ 58. Ke2 Ke4 59. Kf1 Kf3 60. Kg1 h3 61. Kf1 h2 62. Ke1 h1=Q+ 0-1


[Site "https://www.chess.com"]

[Event "Titled Tuesday Blitz May 16 Late 2023"]
[White "Tisaj, Domen"]
[Black "Gatterer, Florian"]
[WhiteFideId "14628708"]
[BlackFideId "811688"]
[WhiteElo "2340"]
[BlackElo "2221"]
[Result "1-0"]
[Round "08"]
[TimeControl "180+2"]
[Date "2023.05.16"]
[WhiteClock "0:00:29"]
[BlackClock "0:00:00"]

1. b3 e5 2. Bb2 Nc6 3. e3 Nge7 4. Nf3 d5 5. Nxe5 Nxe5 6. Bxe5 Ng6 7. Bb2 Qg5 8. Nc3 c6 9. Ne2 Bg4 10. d3 Bb4+ 11. c3 Bd6 12. Qd2 a5 13. f3 Be6 14. Nd4 Bd7 15. f4 Qe7 16. a4 O-O 17. Be2 Rfe8 18. Nc2 Nxf4 19. exf4 Bxf4 20. Qd1 Bg4 21. Nd4 Be3 22. Nf3 Bxf3 23. Bxf3 Qh4+ 24. g3 Qf6 25. Kf1 g5 26. Kg2 g4 27. Bxg4 Qf2+ 28. Kh3 f5 29. Rf1 Qxb2 30. Bxf5 Qxc3 31. Qh5 Qg7 32. Rae1 Kh8 33. Rf4 d4 34. Rxd4 1-0


[Site "https://www.chess.com"]

[Event "Titled Tuesday Blitz May 16 Late 2023"]
[White "Bogaudinov, Rushan"]
[Black "Colbow, Collin"]
[WhiteFideId "4129288"]
[BlackFideId "16201132"]
[WhiteElo "1941"]
[BlackElo "2351"]
[Result "1-0"]
[Round "08"]
[TimeControl "180+2"]
[Date "2023.05.16"]
[WhiteClock "0:00:17"]
[BlackClock "0:00:00"]

1. e4 c6 2. d4 d5 3. e5 Bf5 4. c4 e6 5. Nc3 Nd7 6. a3 dxc4 7. Bxc4 Ne7 8. Nge2 Nd5 9. Ng3 Bg6 10. O-O Be7 11. f4 N7b6 12. Bb3 c5 13. Nxd5 Nxd5 14. Ba4+ Kf8 15. f5 exf5 16. Nxf5 cxd4 17. Qxd4 Qb6 18. Qxb6 Nxb6 19. Bb3 Bc5+ 20. Kh1 Re8 21. Nd6 Bxd6 22. exd6 Rd8 23. Be3 Ke8 24. Rfe1 Kd7 25. Bc5 Rhe8 26. Re7+ Kc6 27. Bb4 Rxe7 28. dxe7 Re8 29. Rc1+ Kd7 30. a4 Nc8 31. a5 Nxe7 32. Ba4+ Nc6 33. a6 Be4 34. axb7 Rb8 35. Rd1+ Ke6 36. Re1 f5 37. Rxe4+ fxe4 38. Bxc6 e3 39. Be1 Kd6 40. Bf3 Re8 41. Bg3+ Kc5 42. b8=Q 1-0


[Site "https://www.chess.com"]